[Event "Titled Tuesday Blitz August 09 Early 2022"]
[White "Samarth, J Rao"]
[Black "Tuleyeva-Aketayeva, Dana"]
[WhiteFideId "46652370"]
[BlackFideId "13701932"]
[WhiteElo "1514"]
[BlackElo "1849"]
[Result "1-0"]
[Round "04"]
[TimeControl "180+1"]
[Date "2022.08.09"]
[WhiteClock "0:01:15"]
[BlackClock "0:00:07"]

1. Nf3 Nf6 2. g3 g6 3. Bg2 Bg7 4. O-O O-O 5. d3 e6 6. e4 d5 7. e5 Nfd7 8. Re1 c5 9. c3 Nc6 10. d4 b5 11. Bg5 f6 12. exf6 Bxf6 13. Bh6 Re8 14. h4 cxd4 15. cxd4 Qb6 16. Nc3 Nxd4 17. Nxd5 Qd8 18. Nxf6+ Nxf6 19. Qxd4 Bb7 20. Bg5 Qxd4 21. Nxd4 Bxg2 22. Bxf6 Bd5 23. Nxb5 Kf7 24. Bc3 Re7 25. Nd6+ Kg8 26. Ne4 Rf8 27. Nf6+ Kf7 28. Nxd5 exd5 29. Rxe7+ Kxe7 30. Bb4+ 1-0


[Site "https://www.chess.com"]

[Event "Titled Tuesday Blitz August 09 Early 2022"]
[White "Sarana, Alexey"]
[Black "Garriga Cazorla, Pere"]
[WhiteFideId "24133795"]
[BlackFideId "32011601"]
[WhiteElo "3074"]
[BlackElo "2813"]
[Result "1/2-1/2"]
[Round "04"]
[TimeControl "180+1"]
[Date "2022.08.09"]
[WhiteClock "0:00:09"]
[BlackClock "0:00:08"]

1. c4 c5 2. Nf3 Nf6 3. Nc3 e6 4. e4 Nc6 5. e5 Ng4 6. d4 cxd4 7. Nxd4 Ngxe5 8. Ndb5 d6 9. Ne4 d5 10. cxd5 exd5 11. Qxd5 Bb4+ 12. Nec3 Qe7 13. Be2 O-O 14. a3 Rd8 15. Qe4 f5 16. Qe3 Bc5 17. Qg3 Nd3+ 18. Kf1 Nxc1 19. Rxc1 f4 20. Qf3 Ne5 21. Qe4 Nc6 22. Bf3 Be6 23. Nc7 Qxc7 24. Qxe6+ Kh8 25. Nd5 Qa5 26. Qe4 Re8 27. Qc4 Bb6 28. h4 Rac8 29. Nxb6 Qxb6 30. Qxf4 Qxb2 31. Kg1 Qxa3 32. Kh2 Rf8 33. Qg3 Qe7 34. Rhe1 Qf7 35. Bg4 Rcd8 36. f3 Nd4 37. h5 Qf6 38. Re4 b5 39. Rc7 b4 40. Rb7 b3 41. Bh3 a5 42. Rg4 Rg8 43. Rf4 Qe5 44. Rff7 Qxg3+ 45. Kxg3 a4 46. h6 b2 47. hxg7+ Rxg7+ 48. Rxg7 b1=Q 49. Rxb1 Kxg7 50. Ra1 Ra8 51. Ra3 Nc2 52. Ra2 a3 53. Be6 Nb4 54. Ra1 Kf6 55. Bb3 Ke5 56. Kh4 Kd4 57. Bf7 Ra7 58. Be6 Kc3 59. Rg1 Re7 60. Bg8 a2 61. Bxa2 Nxa2 62. f4 Kd4 63. g4 Nc3 64. f5 Ne2 65. Rd1+ Ke3 66. Ra1 Nd4 67. Re1+ Ne2 68. Kg5 Rg7+ 69. Kh6 Rxg4 70. Kxh7 Kf3 71. f6 Rf4 72. Kg7 Ng3 73. f7 Nf5+ 74. Kg6 Nh4+ 75. Kg7 Nf5+ 76. Kh7 Ng3 77. Kg8 Kf2 78. Re6 Rg4+ 79. Kh7 Rh4+ 80. Kg8 Rg4+ 81. Kf8 Nh5 82. Ke7 Rf4 83. Re5 Ng3 84. f8=Q Rxf8 85. Kxf8 Kf3 86. Ke7 Ne4 87. Ra5 Ng3 88. Ke6 Ne4 89. Ke5 Nd2 90. Ra4 Ke2 91. Kd4 Nf3+ 92. Ke4 Nd2+ 93. Kf4 Kd3 94. Ra8 Nc4 95. Rd8+ Kc3 96. Ke4 Nd2+ 97. Kd5 Kd3 98. Rh8 Ke3 99. Rh3+ Nf3 100. Rg3 Kf4 101. Rg8 Ke3 102. Re8+ Kd3 103. Re4 Nd2 104. Ra4 Ke3 105. Ra3+ Kf4 106. Ke6 Nf3 107. Ke7 Nd4 108. Ra1 Ke4 109. Rd1 Nf3 110. Kd6 Kf4 111. Kd5 Ke3 112. Rc1 Kf4 113. Rc3 Nd2 114. Rc7 Nf3 115. Re7 Nd2 116. Re2 Nf3 117. Re4+ Kf5 118. Re3 Kf4 119. Rd3 Ng5 120. Rd4+ Ke3 121. Rd1 Nf3 122. Ra1 Kf4 123. Ke6 Ke3 124. Kf5 Nd4+ 125. Kg4 Ke4 126. Rd1 Nc2 127. Rd2 Ne3+ 128. Kg3 Nf5+ 129. Kf2 Ke5 130. Kf3 Nd4+ 131. Kg4 Ke4 132. Re2+ Nxe2 1/2-1/2


[Site "https://www.chess.com"]

[Event "Titled Tuesday Blitz August 09 Early 2022"]
[White "Sarkar, Justin"]
[Black "Fajdetic, Hrvoje"]
[WhiteFideId "2010011"]
[BlackFideId "14501945"]
[WhiteElo "2076"]
[BlackElo "2172"]
[Result "0-1"]
[Round "04"]
[TimeControl "180+1"]
[Date "2022.08.09"]
[WhiteClock "0:00:01"]
[BlackClock "0:00:04"]

1. Nh3 d6 2. g3 e5 3. Bg2 f5 4. c4 Nf6 5. Nc3 c6 6. d3 Be7 7. O-O O-O 8. f4 Qe8 9. Nf2 Qh5 10. e3 Qxd1 11. Rxd1 a5 12. b3 Na6 13. Bb2 Ng4 14. Nxg4 fxg4 15. fxe5 dxe5 16. Ne4 Nb4 17. Rd2 Rd8 18. Rad1 Bf6 19. a3 Na6 20. Rf1 Rf8 21. Rdf2 Bd7 22. Rxf6 gxf6 23. Nxf6+ Rxf6 24. Rxf6 Nc5 25. Bxe5 Nxd3 26. Bd4 Nc1 27. Rd6 Bf5 28. e4 Bg6 29. e5 Re8 30. Bb2 Nxb3 31. Rd7 Nc5 32. Rc7 Nd3 33. Bd4 Nxe5 34. Rxb7 Nf3+ 35. Bxf3 gxf3 36. Kf2 Bh5 37. Be3 Bg6 38. Kxf3 Be4+ 39. Kf2 c5 40. Bxc5 Bxb7 41. Bb6 Rc8 42. c5 Bc6 43. Ke3 Re8+ 44. Kd4 Kf7 45. Kc4 Ke6 46. Bxa5 Rg8 47. Bb6 Rg4+ 48. Kc3 Re4 49. Ba5 Kd5 50. Bb4 Rc4+ 51. Kd3 h5 52. Ke3 Rg4 53. Ke2 Ke4 54. Kf2 Rg6 55. h3 Re6 56. h4 Rf6+ 57. Ke2 Rf3 58. Kd2 Rxg3 59. Kc2 Kd4 60. Kb2 Ba4 61. Kc1 Kd3 62. Kb2 Rg2+ 63. Kb1 Kc4 64. Kc1 Bb3 65. Kb1 Ba4 66. Kc1 Bc6 67. Kb1 Be4+ 68. Kc1 Kd3 0-1


[Site "https://www.chess.com"]

[Event "Titled Tuesday Blitz August 09 Early 2022"]
[White "Seemann, Jakub"]
[Black "Stoleriu, George"]
[WhiteFideId "21874697"]
[BlackFideId "1227505"]
[WhiteElo "2064"]
[BlackElo "2194"]
[Result "0-1"]
[Round "04"]
[TimeControl "180+1"]
[Date "2022.08.09"]
[WhiteClock "0:00:02"]
[BlackClock "0:00:06"]

1. d4 Nf6 2. c4 e6 3. Nf3 Bb4+ 4. Bd2 Qe7 5. g3 Bxd2+ 6. Qxd2 d6 7. Bg2 O-O 8. O-O Re8 9. Nc3 e5 10. e4 Bg4 11. d5 Bxf3 12. Bxf3 a5 13. b3 Na6 14. a3 Nd7 15. Rab1 Nac5 16. b4 axb4 17. axb4 Na4 18. Nb5 Ndb6 19. Qc2 c6 20. Nc3 Nxc3 21. Qxc3 cxd5 22. cxd5 Rec8 23. Qb3 Qg5 24. Ra1 h5 25. h4 Qh6 26. Qd3 g6 27. Qb5 Rxa1 28. Rxa1 Rc1+ 29. Rxc1 Qxc1+ 30. Kh2 Qc7 31. Qe8+ Kg7 32. Qb5 Nd7 33. Kg2 Nf6 34. Qa5 Qc4 35. Qb6 Nxe4 36. Kh2 Nd2 37. Bg2 Qd4 38. Qxd6 Qxf2 39. Qxe5+ Kg8 40. Qf4 Qxf4 41. gxf4 Nc4 42. Kg3 Kf8 43. Kf3 Ke7 44. Ke4 Nd6+ 45. Kd4 b6 46. Bh3 Ne8 47. Ke4 Kd6 48. f5 Nf6+ 49. Kd4 Nxd5 50. fxg6 fxg6 51. Bg2 Nxb4 52. Be4 Nc6+ 53. Ke3 Ne5 54. Kf4 b5 55. Kg5 b4 56. Kf6 b3 57. Bb1 b2 58. Be4 Nf3 59. Kxg6 Nxh4+ 60. Kxh5 Ke5 61. Bb1 Nf5 62. Kg4 Nd4 63. Kg3 Kd5 64. Kf2 Kc4 65. Ke3 Kc3 66. Bh7 Nc2+ 0-1


[Site "https://www.chess.com"]

[Event "Titled Tuesday Blitz August 09 Early 2022"]
[White "Sellitti, Federico"]
[Black "Petrova, Irina"]
[WhiteFideId "821829"]
[BlackFideId "14124122"]
[WhiteElo "2502"]
[BlackElo "2021"]
[Result "1-0"]
[Round "04"]
[TimeControl "180+1"]
[Date "2022.08.09"]
[WhiteClock "0:00:29"]
[BlackClock "0:00:37"]

1. e4 d6 2. Nc3 Nf6 3. g3 e5 4. Bg2 Be7 5. d3 O-O 6. f4 Nc6 7. Nf3 Bg4 8. O-O Nd4 9. Ne2 Nxf3+ 10. Bxf3 Bxf3 11. Rxf3 d5 12. fxe5 dxe4 13. exf6 Bc5+ 14. Re3 Qxf6 15. d4 Rad8 16. c3 Bb6 17. Rxe4 c5 18. d5 c4+ 19. Be3 Qf5 20. Bxb6 Qxe4 21. Bxd8 Rxd8 22. Nf4 g5 23. Qg4 Qe3+ 24. Kf1 h6 25. Re1 Qd2 26. Nh5 Qxh2 27. Re2 Qh1+ 28. Kf2 Qh2+ 29. Ke3 Re8+ 30. Kd2 Rxe2+ 31. Qxe2 Qh1 32. Qe8+ 1-0


[Site "https://www.chess.com"]

[Event "Titled Tuesday Blitz August 09 Early 2022"]
[White "Senlle Caride, Miguel"]
[Black "Todorovic, Bojan"]
[WhiteFideId "2282500"]
[BlackFideId "917087"]
[WhiteElo "2339"]
[BlackElo "2266"]
[Result "0-1"]
[Round "04"]
[TimeControl "180+1"]
[Date "2022.08.09"]
[WhiteClock "0:00:11"]
[BlackClock "0:00:25"]

1. g3 g6 2. Bg2 Bg7 3. c4 Nf6 4. Nc3 O-O 5. Nf3 d6 6. d4 c6 7. O-O Qa5 8. Qc2 Qh5 9. Bg5 Bh3 10. Bxf6 Bxf6 11. d5 Nd7 12. e4 Rac8 13. Qd3 Bxg2 14. Kxg2 Nc5 15. Qe3 Bxc3 16. bxc3 cxd5 17. cxd5 b6 18. h4 Nd7 19. a4 Ne5 20. Nxe5 Qxe5 21. Rfc1 Rc4 22. f3 Rfc8 23. Ra3 f5 24. f4 Qxe4+ 25. Qxe4 Rxe4 26. a5 b5 27. Rb3 a6 28. Kf3 Rec4 29. Kg2 b4 30. Kf2 Rxc3 31. Rcxc3 bxc3 32. Rb1 c2 33. Rc1 Rc5 34. Ke3 Rxd5 35. Rxc2 Rxa5 36. Rc7 Kf7 37. g4 fxg4 38. f5 gxf5 39. h5 h6 40. Rxe7+ Kxe7 41. Kf4 Kf6 42. Kg3 Kg5 43. Kf2 Kf4 44. Ke2 Ke4 45. Kd2 d5 46. Kc2 d4 47. Kb2 f4 48. Kb3 Rb5+ 49. Kc4 d3 50. Kc3 g3 51. Kd2 f3 52. Kc3 f2 53. Kc4 f1=Q 54. Kc3 Qc1# 0-1


[Site "https://www.chess.com"]

[Event "Titled Tuesday Blitz August 09 Early 2022"]
[White "Shapiro, Daniel"]
[Black "Mahdavi, Reza"]
[WhiteFideId "2001780"]
[BlackFideId "12595926"]
[WhiteElo "2239"]
[BlackElo "2226"]
[Result "0-1"]
[Round "04"]
[TimeControl "180+1"]
[Date "2022.08.09"]
[WhiteClock "0:00:32"]
[BlackClock "0:00:30"]

1. d4 g6 2. e4 Bg7 3. Nc3 d6 4. h3 Nc6 5. Nge2 e5 6. Be3 Nf6 7. g4 O-O 8. Bg2 Nd7 9. O-O Re8 10. Qd2 exd4 11. Nxd4 Nde5 12. b3 h5 13. f4 hxg4 14. fxe5 gxh3 15. Bh1 Nxe5 16. Rad1 Qh4 17. Qf2 h2+ 18. Qxh2 Qxh2+ 19. Kxh2 Ng4+ 20. Kg1 Nxe3 21. Ndb5 Nxd1 22. Nxd1 Re7 23. Ne3 Be6 24. Nf5 gxf5 25. exf5 Bd7 26. Nxc7 Bd4+ 27. Kh2 Rc8 28. Nd5 Re2+ 29. Kh3 Rcxc2 30. Kg4 Rf2 31. Bf3 Rxf1 0-1


[Site "https://www.chess.com"]

[Event "Titled Tuesday Blitz August 09 Early 2022"]
[White "Shimanov, Aleksandr"]
[Black "Niyazgulova, Marina"]
[WhiteFideId "4198603"]
[BlackFideId "24142573"]
[WhiteElo "2605"]
[BlackElo "1986"]
[Result "1-0"]
[Round "04"]
[TimeControl "180+1"]
[Date "2022.08.09"]
[WhiteClock "0:00:17"]
[BlackClock "0:00:04"]

1. e4 d5 2. exd5 Qxd5 3. Nf3 Nf6 4. d4 c6 5. c4 Qe4+ 6. Be2 Bf5 7. O-O e6 8. Nc3 Qc2 9. Qe1 Bb4 10. Be3 Qxb2 11. Bd2 O-O 12. a4 Bxc3 13. Bxc3 Qc2 14. Bb4 Re8 15. Ra3 Na6 16. Rc3 Qe4 17. Re3 Qc2 18. Bd6 Qxa4 19. c5 Rad8 20. Ne5 Nb4 21. Bd1 Qa2 22. Bb3 Qb2 23. Qxb4 Nd5 24. Qxb7 Nxe3 25. fxe3 Qd2 26. Qxf7+ Kh8 27. Rxf5 Qxe3+ 28. Rf2 Qxb3 29. h3 Qb1+ 30. Kh2 Qe4 31. Rf4 Qe3 32. Rg4 Rg8 33. Qh5 h6 34. Nf7+ Kh7 35. Qg6# 1-0


[Site "https://www.chess.com"]

[Event "Titled Tuesday Blitz August 09 Early 2022"]
[White "Shohat, Yotam"]
[Black "Siva Mahadevan"]
[WhiteFideId "2813955"]
[BlackFideId "25043153"]
[WhiteElo "2119"]
[BlackElo "2203"]
[Result "0-1"]
[Round "04"]
[TimeControl "180+1"]
[Date "2022.08.09"]
[WhiteClock "0:00:04"]
[BlackClock "0:01:38"]

1. e4 c5 2. Nf3 Nc6 3. Bb5 Na5 4. d4 a6 5. Bd3 cxd4 6. Nxd4 e6 7. O-O Nf6 8. e5 Nd5 9. Qg4 d6 10. exd6 Qxd6 11. Nf3 Bd7 12. Nc3 Nxc3 13. bxc3 h5 14. Qg5 Qc5 15. Qg3 h4 16. Nxh4 Bd6 17. Qg4 O-O-O 18. Nf3 Bc6 19. Be3 Bxf3 20. gxf3 Qxc3 21. Bd4 Qc7 22. h3 f5 23. Qg6 Rh6 24. Qg5 Bf4 25. Qxg7 Qxg7+ 26. Bxg7 Rg8 0-1


[Site "https://www.chess.com"]

[Event "Titled Tuesday Blitz August 09 Early 2022"]
[White "Shpanko, Nadiia"]
[Black "Hoffmann, Asa"]
[WhiteFideId "14132400"]
[BlackFideId "2001470"]
[WhiteElo "2139"]
[BlackElo "2117"]
[Result "1-0"]
[Round "04"]
[TimeControl "180+1"]
[Date "2022.08.09"]
[WhiteClock "0:00:18"]
[BlackClock "0:00:06"]

1. c4 Nf6 2. Nc3 d6 3. Nf3 e5 4. d3 Be7 5. g3 c6 6. Bg2 O-O 7. O-O h6 8. Qc2 Be6 9. b3 Qd7 10. d4 exd4 11. Nxd4 Bh3 12. Rd1 Bxg2 13. Kxg2 Na6 14. Ba3 Rfe8 15. Nf5 c5 16. Nb5 d5 17. e3 Bf8 18. Nc3 d4 19. exd4 cxd4 20. Bxf8 Qc6+ 21. Kg1 Rxf8 22. Nxd4 Qc5 23. Ne4 Nxe4 24. Qxe4 Rab8 25. Nf5 Kh8 26. Qg4 Rg8 27. Rd7 Nb4 28. Rxf7 Nd3 29. Qd4 Qxd4 30. Nxd4 Rgd8 31. Ne6 Rd6 32. Nf4 Nxf4 33. Rxf4 Rd2 34. Re1 Rxa2 35. Re7 Rb2 36. Rff7 Rxb3 37. Rxg7 a5 38. Rh7+ Kg8 39. Reg7+ Kf8 40. Rc7 Kg8 41. Rxh6 a4 42. Rch7 Rf8 43. Rh5 Rb1+ 44. Kg2 Rb2 45. Rh8+ Kg7 46. Rxf8 Kxf8 47. Ra5 Rb4 48. c5 Kf7 49. h4 Kg6 50. Kh3 Rc4 51. f3 Rc3 52. Rxa4 Rxc5 53. Rb4 b5 54. g4 Kh6 55. Kg3 Kg6 56. h5+ Kg5 57. f4+ Kh6 58. Kh4 Kg7 59. g5 Kf7 60. Kg4 Kg7 61. Re4 Kf7 62. g6+ Kf6 63. Rd4 Rc4 64. Rd6+ Kg7 65. Rb6 b4 66. Kg5 Rc5+ 67. f5 Rc7 68. h6+ Kf8 69. Kf6 Ke8 70. h7 Rc6+ 71. Rxc6 1-0


[Site "https://www.chess.com"]

[Event "Titled Tuesday Blitz August 09 Early 2022"]
[White "Shuvalov, Evgenij"]
[Black "Large, Peter G"]
[WhiteFideId "4187237"]
[BlackFideId "400866"]
[WhiteElo "2058"]
[BlackElo "2064"]
[Result "1-0"]
[Round "04"]
[TimeControl "180+1"]
[Date "2022.08.09"]
[WhiteClock "0:01:38"]
[BlackClock "0:00:19"]

1. Nf3 e6 2. c4 Nf6 3. g3 b6 4. Bg2 Bb7 5. O-O c5 6. Nc3 a6 7. d4 cxd4 8. Qxd4 Nc6 9. Qf4 Ne7 10. Rd1 Ng6 11. Qd2 Rc8 12. b3 d6 13. Ba3 d5 14. Bxf8 Rxf8 15. cxd5 Nxd5 16. Nxd5 Bxd5 17. Qe3 f6 18. Ng5 Ne5 19. Nxe6 Bxe6 20. Rxd8+ Rxd8 21. f4 1-0


[Site "https://www.chess.com"]

[Event "Titled Tuesday Blitz August 09 Early 2022"]
[White "Shuvalova, Polina"]
[Black "Melaugh, Shane"]
[WhiteFideId "24171760"]
[BlackFideId "2509580"]
[WhiteElo "2330"]
[BlackElo "1946"]
[Result "0-1"]
[Round "04"]
[TimeControl "180+1"]
[Date "2022.08.09"]
[WhiteClock "0:00:01"]
[BlackClock "0:00:17"]

1. Nf3 f5 2. d4 Nf6 3. c4 e6 4. Nc3 Bb4 5. g3 O-O 6. Bg2 d6 7. O-O Bxc3 8. bxc3 Nc6 9. Qc2 e5 10. Rd1 Qe8 11. dxe5 dxe5 12. Ba3 Rf7 13. Ng5 Rd7 14. Bd5+ Kh8 15. Rd2 h6 16. Ne6 e4 17. Rad1 Ne5 18. Nf4 c6 19. Bc5 cxd5 20. cxd5 b6 21. Bd4 Nc4 22. Bxf6 gxf6 23. Rd4 b5 24. a4 a6 25. Qc1 Kh7 26. axb5 axb5 27. Kh1 Raa7 28. g4 fxg4 29. Ne6 Rd6 30. Rxe4 Bxe6 31. dxe6 Rxe6 32. Rxg4 Rxe2 33. Rdg1 Qa8+ 34. R4g2 Rg7 35. Qb1+ Kh8 36. h3 Rxf2 37. Qf5 Rxf5 0-1


[Site "https://www.chess.com"]

[Event "Titled Tuesday Blitz August 09 Early 2022"]
[White "Skliarov, Viktor"]
[Black "Ismayil, Malak"]
[WhiteFideId "14106736"]
[BlackFideId "13412604"]
[WhiteElo "2257"]
[BlackElo "1879"]
[Result "1-0"]
[Round "04"]
[TimeControl "180+1"]
[Date "2022.08.09"]
[WhiteClock "0:00:33"]
[BlackClock "0:00:16"]

1. e4 e5 2. Nc3 Nc6 3. Bc4 Bc5 4. Qg4 Bf8 5. Qf3 Nf6 6. Nge2 d6 7. d3 Be7 8. O-O O-O 9. a3 Be6 10. Nd5 Nb8 11. Ng3 c6 12. Nxe7+ Qxe7 13. Bg5 Nbd7 14. Nh5 Bxc4 15. dxc4 Qe6 16. Nxf6+ Nxf6 17. Bxf6 gxf6 18. b3 Kh8 19. Rad1 Rad8 20. Rd3 b6 21. Rfd1 Rg8 22. Qf5 Qe7 23. Rh3 Rg6 24. Rdd3 Rdg8 25. g3 Kg7 26. a4 Rd8 27. Kg2 h6 28. Rh4 Qe6 29. Qh5 Rh8 30. f4 exf4 31. Rxf4 Rg5 32. Qf3 Rd8 33. h4 Rg6 34. Rf5 Rd7 35. Qf4 Kf8 36. h5 Rg5 37. Rxf6 Qe7 38. Rxh6 Rg8 39. Rhxd6 Rxd6 40. Qxd6 Qxd6 41. Rxd6 Ke7 42. Rxc6 1-0


[Site "https://www.chess.com"]

[Event "Titled Tuesday Blitz August 09 Early 2022"]
[White "Sohier, Julien"]
[Black "Vasques, Antonio Pedro Freixial"]
[WhiteFideId "645346"]
[BlackFideId "1908332"]
[WhiteElo "2209"]
[BlackElo "2243"]
[Result "1-0"]
[Round "04"]
[TimeControl "180+1"]
[Date "2022.08.09"]
[WhiteClock "0:00:49"]
[BlackClock "0:00:51"]

1. e4 c5 2. Nc3 a6 3. Nf3 d6 4. g3 Nf6 5. Bg2 e5 6. O-O Nc6 7. Re1 g6 8. Nd5 Bg7 9. c3 Nxd5 10. exd5 Ne7 11. d4 cxd4 12. cxd4 O-O 13. dxe5 dxe5 14. Nxe5 Nf5 15. Bf4 Nd6 16. Rc1 Bf5 17. b3 Re8 18. Nc4 Nb5 19. Rxe8+ Qxe8 20. d6 Rd8 21. Bxb7 Nc3 22. Rxc3 Bxc3 23. Bxa6 Qe4 24. Bg5 Bh3 25. f3 Bd4+ 26. Kh1 Qc6 27. Bxd8 Qxa6 28. Qxd4 Qa8 29. Qe3 Qxd8 30. g4 Qf6 31. Qe8+ Kg7 32. Qe5 Qxe5 33. Nxe5 Kf6 34. d7 Ke7 35. Nxf7 Kxd7 36. Kg1 h5 37. Ng5 hxg4 38. Nxh3 gxh3 39. Kf2 1-0


[Site "https://www.chess.com"]

[Event "Titled Tuesday Blitz August 09 Early 2022"]
[White "Stepanencu, Nicodim-Cosmin"]
[Black "Weetik, Vjacheslav"]
[WhiteFideId "1256220"]
[BlackFideId "4153472"]
[WhiteElo "1941"]
[BlackElo "2469"]
[Result "0-1"]
[Round "04"]
[TimeControl "180+1"]
[Date "2022.08.09"]
[WhiteClock "0:00:04"]
[BlackClock "0:00:08"]

1. b3 d5 2. Bb2 Bg4 3. f3 Bh5 4. h4 f6 5. d4 c5 6. Nc3 Nc6 7. e3 e5 8. dxc5 d4 9. exd4 exd4 10. Ne4 f5 11. Nd6+ Bxd6 12. cxd6 Qxd6 13. Qd2 O-O-O 14. O-O-O Nf6 15. Ne2 Qc7 16. Qf4 Qa5 17. Nxd4 Qxa2 18. Qxf5+ Kb8 19. Nxc6+ bxc6 20. Bd3 Bg6 21. Qf4+ Ka8 22. Bxg6 hxg6 23. Qc7 Rc8 24. Qxg7 Nd5 25. Rd4 Qa5 26. Ra4 Qb6 27. Bd4 c5 28. Qf7 Rhd8 29. Bb2 c4 0-1


[Site "https://www.chess.com"]

[Event "Titled Tuesday Blitz August 09 Early 2022"]
[White "Sychev, Klementy"]
[Black "Thiel, Thomas"]
[WhiteFideId "4114060"]
[BlackFideId "4615964"]
[WhiteElo "2564"]
[BlackElo "2253"]
[Result "1-0"]
[Round "04"]
[TimeControl "180+1"]
[Date "2022.08.09"]
[WhiteClock "0:00:27"]
[BlackClock "0:00:40"]

1. d4 Nf6 2. c4 g6 3. g3 c6 4. Bg2 d5 5. Qa4 dxc4 6. Qxc4 Bg7 7. Nf3 O-O 8. O-O Be6 9. Qb4 Qc8 10. Nc3 Re8 11. e4 Na6 12. Qa3 Bf8 13. Bg5 Bc4 14. Rfe1 e5 15. Qa4 b5 16. Qd1 exd4 17. Nxd4 Nd7 18. b3 b4 19. Na4 Bb5 20. Nxb5 cxb5 21. Bh3 f5 22. Qd5+ Kh8 23. exf5 Rxe1+ 24. Rxe1 bxa4 25. fxg6 Nac5 26. Qf7 Bg7 27. Bh6 Qf8 28. Bxd7 Qxf7 29. gxf7 Nxd7 30. Re8+ Nf8 31. Bxg7+ Kxg7 32. Rxa8 axb3 33. axb3 Kxf7 34. Rxa7+ 1-0


[Site "https://www.chess.com"]

[Event "Titled Tuesday Blitz August 09 Early 2022"]
[White "Szpar, Milosz"]
[Black "Chyzy, Jakub"]
[WhiteFideId "1184989"]
[BlackFideId "21806209"]
[WhiteElo "2422"]
[BlackElo "2023"]
[Result "1-0"]
[Round "04"]
[TimeControl "180+1"]
[Date "2022.08.09"]
[WhiteClock "0:00:47"]
[BlackClock "0:00:04"]

1. e4 Nf6 2. e5 Nd5 3. d4 d6 4. Nf3 Bg4 5. Be2 c6 6. exd6 exd6 7. O-O Be7 8. c4 Nb6 9. b3 O-O 10. Bb2 d5 11. c5 N6d7 12. Nbd2 Bf6 13. Qc2 g6 14. Bd3 Re8 15. h3 Bxf3 16. Nxf3 Nf8 17. Rfe1 Nbd7 18. Rxe8 Qxe8 19. Re1 Qd8 20. b4 Ne6 21. a4 b6 22. b5 bxc5 23. bxc6 c4 24. Bxc4 dxc4 25. cxd7 Qxd7 26. d5 Bxb2 27. dxe6 Qb7 28. exf7+ Kxf7 29. Ng5+ Kg7 30. Ne6+ Kh8 31. Qxc4 Rc8 32. Rd1 Bf6 33. Qf4 Qe7 34. Qe4 Re8 35. Re1 Qf7 36. g3 Qe7 37. h4 Qf7 38. Ng5 Rxe4 39. Nxf7+ Kg7 40. Rxe4 Kxf7 41. Rc4 Be5 42. Kg2 Ke6 43. Rb4 1-0


[Site "https://www.chess.com"]

[Event "Titled Tuesday Blitz August 09 Early 2022"]
[White "Taboas Rodriguez, Daniel"]
[Black "Fernandez Siles, Luis"]
[WhiteFideId "2208466"]
[BlackFideId "2209420"]
[WhiteElo "2429"]
[BlackElo "2211"]
[Result "1-0"]
[Round "04"]
[TimeControl "180+1"]
[Date "2022.08.09"]
[WhiteClock "0:01:44"]
[BlackClock "0:00:13"]

1. d4 Nf6 2. Nf3 g6 3. c4 Bg7 4. Nc3 O-O 5. e4 d6 6. Be2 c5 7. d5 e6 8. O-O exd5 9. exd5 Bg4 10. h3 Bxf3 11. Bxf3 a6 12. Bf4 Ne8 13. Qd2 Nd7 14. Rfe1 Ne5 15. Be2 f5 16. Be3 Nf6 17. f4 Nf7 18. Bf3 Re8 19. Bf2 Qd7 20. a4 Rab8 21. Rxe8+ Rxe8 22. Re1 Bh6 23. g3 g5 24. Rxe8+ Qxe8 25. Be3 gxf4 26. Bxf4 Bxf4 27. Qxf4 Qe1+ 28. Kg2 Ne5 29. Qxf5 Qd2+ 30. Be2 Qxb2 31. Qxf6 Qxc3 32. Qxd6 Nxc4 33. Qe6+ Kg7 34. Qg4+ Kf8 35. Qxc4 Qb2 36. Qxc5+ 1-0


[Site "https://www.chess.com"]

[Event "Titled Tuesday Blitz August 09 Early 2022"]
[White "Ternault, Mathieu"]
[Black "Matlakov, Maxim"]
[WhiteFideId "20641532"]
[BlackFideId "4168003"]
[WhiteElo "2249"]
[BlackElo "2669"]
[Result "0-1"]
[Round "04"]
[TimeControl "180+1"]
[Date "2022.08.09"]
[WhiteClock "0:00:02"]
[BlackClock "0:00:12"]

1. e4 e5 2. Nc3 Nf6 3. f4 d5 4. fxe5 Nxe4 5. Qf3 Nxc3 6. dxc3 Be7 7. Bf4 Be6 8. O-O-O O-O 9. c4 c6 10. Ne2 Qa5 11. Nc3 dxc4 12. Qg3 Kh8 13. Bg5 Bxg5+ 14. Qxg5 b5 15. Kb1 Nd7 16. Ne4 b4 17. Rxd7 Bxd7 18. Bxc4 Be6 19. Bb3 h6 20. Qf4 Rae8 21. Nd6 Bxb3 22. axb3 Re7 23. Nc4 Qd5 24. Qg4 Rd8 25. Rf1 Qe6 26. Qf3 Rd5 27. g4 a5 28. h4 a4 29. bxa4 Rd4 30. b3 Rxg4 31. Nd6 Rxh4 32. Nf5 Rh2 33. Qg3 Qxe5 34. Qd3 Re8 35. Nd6 Rf8 36. Nxf7+ Rxf7 37. Rxf7 Rh1+ 38. Rf1 Rxf1+ 39. Qxf1 h5 40. Qf3 h4 41. Qf8+ Kh7 42. Qxb4 g5 43. Qb7+ Kg6 44. Qxc6+ Kf5 45. Qc8+ Kf4 46. Qh3 Qe1+ 47. Kb2 g4 48. Qd3 Qe5+ 49. c3 h3 50. Qd2+ Kf3 51. Qd3+ Qe3 52. Qd5+ Kg3 53. Qf7 Qf2+ 54. Ka3 Qxf7 0-1


[Site "https://www.chess.com"]

[Event "Titled Tuesday Blitz August 09 Early 2022"]
[White "Tomb, Maroun"]
[Black "Bharath Subramaniyam H"]
[WhiteFideId "5300398"]
[BlackFideId "46634827"]
[WhiteElo "2540"]
[BlackElo "2346"]
[Result "0-1"]
[Round "04"]
[TimeControl "180+1"]
[Date "2022.08.09"]
[WhiteClock "0:00:05"]
[BlackClock "0:00:46"]

1. e4 c5 2. Ne2 d6 3. g3 Nf6 4. Bg2 g6 5. c3 Bg7 6. O-O O-O 7. d4 cxd4 8. cxd4 Nc6 9. Nbc3 Bg4 10. f3 Bd7 11. Be3 h5 12. Qd2 Na5 13. b3 b5 14. e5 b4 15. Nd1 Nd5 16. f4 e6 17. f5 dxe5 18. fxg6 fxg6 19. Rxf8+ Qxf8 20. Bxd5 exd5 21. dxe5 Nc6 22. Qxd5+ Qf7 23. Qxf7+ Kxf7 24. Nb2 Nxe5 25. Rf1+ Kg8 26. Bd4 Bh3 27. Rf2 Rc8 28. Nc4 Nxc4 29. Bxg7 Kxg7 30. Nf4 Ne3 31. Re2 Rc1+ 32. Kf2 Ng4+ 33. Kf3 Rc3+ 34. Ke4 Nf6+ 35. Kd4 Bf5 36. Re7+ Kf8 37. Rxa7 Rc2 38. Rb7 Rxh2 39. Rxb4 Rxa2 40. Rb7 Ne4 41. b4 Nxg3 42. b5 Ne2+ 43. Ke5 Nxf4 44. Kxf4 Rb2 45. Kg5 Ke8 46. b6 Kd8 47. Rb8+ Kd7 48. Kh4 Kc6 0-1


[Site "https://www.chess.com"]

[Event "Titled Tuesday Blitz August 09 Early 2022"]
[White "Toncheva, Nadya"]
[Black "Terrieux, Kevin"]
[WhiteFideId "2924056"]
[BlackFideId "622591"]
[WhiteElo "1888"]
[BlackElo "2461"]
[Result "1/2-1/2"]
[Round "04"]
[TimeControl "180+1"]
[Date "2022.08.09"]
[WhiteClock "0:00:05"]
[BlackClock "0:00:02"]

1. e4 c5 2. Nf3 e6 3. c3 Nf6 4. e5 Nd5 5. d4 cxd4 6. cxd4 b6 7. Bc4 Ba6 8. Bxa6 Nxa6 9. O-O Be7 10. Bd2 O-O 11. Nc3 Nxc3 12. Bxc3 d5 13. Rc1 Qd7 14. Qd3 Nc7 15. Rc2 Rfc8 16. Rfc1 Qb5 17. Qxb5 Nxb5 18. Bd2 Rxc2 19. Rxc2 Bd8 20. a4 Nc7 21. Bb4 f6 22. Kf1 Kf7 23. Ke2 Ke8 24. Bd6 Kd7 25. Bxc7 Bxc7 26. Kd3 b5 27. axb5 Rb8 28. Rc5 Ba5 29. exf6 gxf6 30. Nd2 Bb4 31. Rc6 Bxd2 32. Kxd2 Rxb5 33. Rc2 e5 34. Kc3 a5 35. Re2 Kd6 36. f3 Rb4 37. dxe5+ fxe5 38. Rd2 d4+ 39. Kd3 Kd5 40. Rc2 Rb3+ 41. Kd2 a4 42. h3 e4 43. fxe4+ Kxe4 44. Kd1 a3 45. bxa3 Rxa3 46. Re2+ Kd3 47. Rd2+ Kc4 48. Rc2+ Kd5 49. Kd2 Rg3 50. Ke1 Ke4 51. Re2+ Kd3 52. Rd2+ Kc3 53. Ra2 d3 54. Kf2 Rg7 55. g4 Rf7+ 56. Ke3 Re7+ 57. Kf4 d2 58. Ra3+ Kb2 59. Rd3 Kc2 60. Rd6 d1=Q 61. Rxd1 Kxd1 62. g5 Ke2 63. h4 Rf7+ 64. Ke5 Kf3 65. h5 Kg4 66. g6 hxg6 67. hxg6 Ra7 68. Kf6 Kh5 69. g7 Ra8 70. Kf7 Ra7+ 71. Kf6 Ra8 72. Kf7 Kh6 73. g8=Q Rxg8 74. Kxg8 1/2-1/2


[Site "https://www.chess.com"]